Red Wings vs Maple Leafs
(R2)
Created - 31 mars 2015 at 21:48
Goals
|
| Red Wings |
0 |
1 |
1 |
2 |
| Maple Leafs |
1 |
1 |
2 |
4 |
|
Shots
|
| Red Wings |
12 |
11 |
12 |
35 |
| Maple Leafs |
2 |
12 |
10 |
24 |
|
1st period
1. Maple Leafs , Claude Giroux 42 (Evgeni Malkin) at 9:05 (PP)
Penalties :
Jason Spezza (Det) for Hooking (Minor) at 3:20, Rick Nash (Det) for Hooking (Minor) at 9:02, Christian Laflamme (Det) for Interference (Minor) at 10:18, Brendan Morrison (Tor) for Tripping (Minor) at 18:32
2nd period
2. Maple Leafs , Evgeni Malkin 49 (Claude Giroux) at 5:30 (PP)
3. Red Wings , Martin Havlat 35 (Shea Weber, Paul Martin) at 11:07
Penalties :
Shawn Horcoff (Det) for Interference (Minor) at 2:03, Jason Spezza (Det) for Tripping (Minor) at 5:25, Teemu Selanne (Det) for Charging (Minor) at 17:16, Shea Weber (Det) for Hooking (Minor) at 17:40
3rd period
4. Maple Leafs , Evgeni Malkin 50 (Claude Giroux) at 2:11 (PP)
5. Red Wings , Teemu Selanne 13 (Sean Bergenheim, Mike Richards) at 10:56 (PP)
6. Maple Leafs , Byron Bitz 25 (Fabian Brunnstrom, Brendan Morrison) at 16:17
Penalties :
Jason Spezza (Det) for Slashing (Minor) at 0:23, Sean Bergenheim (Det) for Slashing (Minor) at 7:32, Blake Comeau (Tor) for Hooking (Minor) at 10:23, Dion Phaneuf (Tor) for Fighting (Major) at 16:42, Paul Martin (Det) for Fighting (Major) at 16:42, Mike Brown (Det) for Hooking (Minor) at 18:18
Goalie Stats
Jonathan Quick (Det), 20 saves from 24 shots - (0,833), L, 33-24-7, 60:00 minutes
Marc-André Fleury (Tor), 33 saves from 35 shots - (0,943), W, 33-20-7, 60:00 minutes
Players Stats for Red Wings
Player Name G A P +/- PIM S H SB GA TA FO MP PP MP PK MP
------------------------------------------------------------------------------------
Christian Backman 0 0 0 0 0 0 1 0 0 0 0/0 18:18 0:47 2:25
Christian Laflamme 0 0 0 -1 2 0 1 0 0 1 0/0 15:05 0:00 5:44
Jason Spezza 0 0 0 1 6 6 2 0 0 2 23/40 22:03 1:28 5:42
Lee Stempniak 0 0 0 -1 0 2 2 1 0 0 0/0 7:49 0:00 0:00
Martin Havlat 1 0 1 1 0 3 1 0 0 0 0/0 19:03 1:28 3:01
Maxim Kondratiev 0 0 0 -1 0 3 0 2 0 0 0/0 15:39 0:00 5:22
Michal Grosek 0 0 0 -1 0 2 0 1 0 0 0/1 9:36 0:00 1:47
Mike Brown 0 0 0 0 2 0 1 0 1 0 0/0 9:08 0:00 0:00
Mike Richards 0 1 1 0 0 1 2 0 0 0 3/7 15:45 1:04 2:57
Nate Thompson 0 0 0 -1 0 1 2 0 0 1 4/9 13:04 0:00 5:13
Paul Martin 0 1 1 1 5 2 2 1 0 2 0/0 27:11 1:45 7:07
Richard Jackman 0 0 0 0 0 2 0 0 0 1 0/0 14:20 0:47 0:00
Rick Nash 0 0 0 1 2 2 1 0 1 0 2/4 23:49 1:28 7:26
Robert Dome 0 0 0 0 0 0 2 0 0 0 0/0 9:09 0:00 0:00
Sean Bergenheim 0 1 1 0 2 2 4 0 0 0 0/0 12:46 1:04 0:00
Shawn Horcoff 0 0 0 0 2 4 1 0 0 0 7/9 9:16 0:00 0:07
Shea Weber 0 1 1 1 2 3 3 3 0 3 0/0 29:34 1:45 7:13
Teemu Selanne 1 0 1 0 2 2 3 0 0 0 0/1 12:43 1:04 0:04
Players Stats for Maple Leafs
Player Name G A P +/- PIM S H SB GA TA FO MP PP MP PK MP
------------------------------------------------------------------------------------
Alexander Frolov 0 0 0 0 0 1 2 0 0 0 1/2 22:08 7:45 0:30
Blake Comeau 0 0 0 0 2 0 0 0 0 0 0/0 6:44 0:24 0:19
Braydon Coburn 0 0 0 0 0 0 2 3 1 0 0/0 26:09 4:46 1:56
Brendan Morrison 0 1 1 0 2 1 3 0 0 0 6/14 19:10 5:47 0:00
Byron Bitz 1 0 1 0 0 4 2 0 2 0 0/2 19:20 5:47 0:17
Claude Giroux 1 2 3 0 0 7 1 2 0 0 2/3 23:45 7:45 1:59
Colby Armstrong 0 0 0 0 0 2 1 0 1 0 0/0 11:01 0:38 0:00
Dion Phaneuf 0 0 0 0 5 1 0 2 0 1 0/0 28:43 8:05 1:56
Evgeni Malkin 2 1 3 0 0 6 3 0 3 0 19/36 23:23 7:31 1:59
Fabian Brunnstrom 0 1 1 0 0 1 1 1 0 0 0/0 19:03 5:47 0:00
Jordan Staal 0 0 0 0 0 0 0 0 0 0 3/9 10:13 0:00 0:00
Justin Abdelkader 0 0 0 0 0 0 1 0 0 0 0/0 6:00 0:00 0:00
Lubomir Visnovsky 0 0 0 0 0 1 0 0 0 0 0/0 18:56 4:46 0:36
Matt Pettinger 0 0 0 0 0 0 2 1 1 0 0/2 10:39 0:24 0:00
Noah Welch 0 0 0 0 0 0 1 1 0 0 0/0 10:14 0:00 0:00
Rob Schremp 0 0 0 0 0 0 0 0 1 0 1/3 6:00 0:00 0:00
Taylor Chorney 0 0 0 0 0 0 0 0 0 1 0/0 12:20 1:05 0:00
Tobias Enstrom 0 0 0 0 0 0 0 1 1 0 0/0 23:37 9:10 0:36
3 Stars
1 - Evgeni Malkin (Tor)
2 - Claude Giroux (Tor)
3 - Martin Havlat (Det)
Power Play
Red Wings - 1 on 2 Attempt(s) - 50,00%
Maple Leafs - 3 on 10 Attempt(s) - 30,00%
Penalty Kill
Red Wings - 7 on 10 Attempt(s) - 70,00%
- Score 0 goal in Penalty Kill
Maple Leafs - 1 on 2 Attempt(s) - 50,00%
- Score 0 goal in Penalty Kill
Team Stat
Red Wings - Hits : 28 - Faceoff Wins : 39 - Blocked Shots : 8 - Penalty Minutes : 25
Maple Leafs - Hits : 19 - Faceoff Wins : 32 - Blocked Shots : 11 - Penalty Minutes : 9
Official
Referees : Rooney Chris and Auger Stephane
Linesman : Vaughan Rody and Don Henderson
Game Notes
11:07 of 2nd period - Red Wings goal is going for a video replay. After video review, Goal.
Dion Phaneuf beats up Paul Martin at 16:42 of 3rd period
Finance
Level 1 -- Attendance: 4321 (72,02%) -- Ticket Income 432 100 $
Level 2 -- Attendance: 3186 (63,72%) -- Ticket Income 207 090 $
Level 3 -- Attendance: 1216 (60,80%) -- Ticket Income 51 072 $
Level 4 -- Attendance: 2376 (59,40%) -- Ticket Income 71 280 $
Luxury Box -- Attendance: 698 (69,80%) -- Ticket Income 129 130 $
Game was played at the Maple Leafs Garden'
Total Attendance: 11797 (65,54%)
Total Ticket Income: 890 672 $
Other Income: 133 601 $
Total Income: 1 024 273 $
Red Wings
5 vs 5 Forward
Center Left Wing Right Wing Time % Phy DF OF
1 Jason Spezza Rick Nash Martin Havlat 40 1 2 2
2 Mike Richards Sean Bergenheim Teemu Selanne 30 1 2 2
3 Shawn Horcoff Robert Dome Mike Brown 17 1 2 2
4 Nate Thompson Michal Grosek Lee Stempniak 13 1 2 2
5 vs 5 Defense
Defense Defense Time % Phy DF OF
1 Shea Weber Paul Martin 40 1 2 2
2 Richard Jackman Christian Backman 30 1 2 2
3 Maxim Kondratiev Christian Laflamme 20 1 2 2
4 Christian Backman Shea Weber 10 1 2 2
PowerPlay Forward
Center Left Wing Right Wing Time % Phy DF OF
1 Jason Spezza Rick Nash Martin Havlat 60 1 2 2
2 Mike Richards Sean Bergenheim Teemu Selanne 40 1 2 2
PowerPlay Defense
Defense Defense Time % Phy DF OF
1 Shea Weber Paul Martin 60 1 2 2
2 Richard Jackman Christian Backman 40 1 2 2
Penalty Kill 4 Players Forward
Center Wing Time % Phy DF OF
1 Jason Spezza Rick Nash 60 1 2 2
2 Nate Thompson Martin Havlat 40 1 2 2
Penalty Kill 4 Players Defense
Defense Defense Time % Phy DF OF
1 Shea Weber Paul Martin 60 1 2 2
2 Christian Laflamme Maxim Kondratiev 40 1 2 2
Penalty Kill - 3 Players Forward
Forward Time % Phy DF OF
1 Jason Spezza 60 1 2 2
2 Nate Thompson 40 1 2 2
Penalty Kill - 3 Players Defense
Defense Defense Time % Phy DF OF
1 Shea Weber Paul Martin 60 1 2 2
2 Christian Laflamme Maxim Kondratiev 40 1 2 2
4 vs 4 Forward
Center Wing Time % Phy DF OF
1 Jason Spezza Rick Nash 60 1 2 2
2 Mike Richards Martin Havlat 40 1 2 2
4 vs 4 Defense
Defense Defense Time % Phy DF OF
1 Shea Weber Paul Martin 60 1 2 2
2 Richard Jackman Christian Backman 40 1 2 2
Last Minutes Offensive
Center Left Wing Right Wing Defense Defense
Jason Spezza Rick Nash Martin Havlat Shea Weber Paul Martin
Last Minutes Defensive
Center Left Wing Right Wing Defense Defense
Jason Spezza Rick Nash Martin Havlat Shea Weber Paul Martin
Goaltenders
Starting : Jonathan Quick
Backup : Scott Clemmensen
Extra Forwards
Normal : Shawn Horcoff, Sean Bergenheim, Teemu Selanne - PP : Shawn Horcoff, Sean Bergenheim - PK : Nate Thompson
Extra Defensemen
Normal : Maxim Kondratiev, Christian Laflamme, Christian Backman - PP : Maxim Kondratiev - PK : Christian Laflamme, Christian Backman
Penalty Shots
Jason Spezza, Rick Nash, Mike Richards, Martin Havlat, Teemu Selanne
Maple Leafs
5 vs 5 Forward
Center Left Wing Right Wing Time % Phy DF OF
1 Evgeni Malkin Alexander Frolov Claude Giroux 40 0 1 4
2 Brendan Morrison Fabian Brunnstrom Byron Bitz 30 1 2 2
3 Jordan Staal Matt Pettinger Colby Armstrong 20 1 2 2
4 Rob Schremp Justin Abdelkader Blake Comeau 10 1 2 2
5 vs 5 Defense
Defense Defense Time % Phy DF OF
1 Dion Phaneuf Braydon Coburn 40 1 2 2
2 Tobias Enstrom Lubomir Visnovsky 30 1 2 2
3 Taylor Chorney Noah Welch 20 1 2 2
4 Dion Phaneuf Braydon Coburn 10 1 2 2
PowerPlay Forward
Center Left Wing Right Wing Time % Phy DF OF
1 Evgeni Malkin Alexander Frolov Claude Giroux 60 1 2 2
2 Brendan Morrison Fabian Brunnstrom Byron Bitz 40 1 2 2
PowerPlay Defense
Defense Defense Time % Phy DF OF
1 Dion Phaneuf Tobias Enstrom 60 1 2 2
2 Braydon Coburn Lubomir Visnovsky 40 1 2 2
Penalty Kill 4 Players Forward
Center Wing Time % Phy DF OF
1 Claude Giroux Evgeni Malkin 60 1 2 2
2 Alexander Frolov Byron Bitz 40 1 2 2
Penalty Kill 4 Players Defense
Defense Defense Time % Phy DF OF
1 Dion Phaneuf Braydon Coburn 60 1 2 2
2 Tobias Enstrom Lubomir Visnovsky 40 1 2 2
Penalty Kill - 3 Players Forward
Forward Time % Phy DF OF
1 Evgeni Malkin 60 1 2 2
2 Brendan Morrison 40 1 2 2
Penalty Kill - 3 Players Defense
Defense Defense Time % Phy DF OF
1 Dion Phaneuf Braydon Coburn 60 1 2 2
2 Tobias Enstrom Lubomir Visnovsky 40 1 2 2
4 vs 4 Forward
Center Wing Time % Phy DF OF
1 Claude Giroux Evgeni Malkin 60 1 2 2
2 Brendan Morrison Byron Bitz 40 1 2 2
4 vs 4 Defense
Defense Defense Time % Phy DF OF
1 Dion Phaneuf Tobias Enstrom 60 1 2 2
2 Braydon Coburn Lubomir Visnovsky 40 1 2 2
Last Minutes Offensive
Center Left Wing Right Wing Defense Defense
Evgeni Malkin Alexander Frolov Claude Giroux Dion Phaneuf Tobias Enstrom
Last Minutes Defensive
Center Left Wing Right Wing Defense Defense
Evgeni Malkin Alexander Frolov Claude Giroux Dion Phaneuf Braydon Coburn
Goaltenders
Starting : Marc-André Fleury
Backup : Mike Smith
Extra Forwards
Normal : Colby Armstrong, Matt Pettinger, Blake Comeau - PP : Colby Armstrong, Matt Pettinger - PK : Blake Comeau
Extra Defensemen
Normal : Taylor Chorney, Tobias Enstrom, Noah Welch - PP : Taylor Chorney - PK : Noah Welch, Braydon Coburn
Penalty Shots
Claude Giroux, Evgeni Malkin, Alexander Frolov, Byron Bitz, Fabian Brunnstrom
% Time on Ice - Red Wings
Lines # - Real PCT - Wanted PCT - Time Play
Normal Forward
1 - 34% - 40% - 14:56
2 - 27% - 30% - 11:38
3 - 21% - 17% - 9:09
4 - 18% - 13% - 7:49
Normal Defense
1 - 44% - 40% - 19:08
2 - 32% - 30% - 14:00
3 - 21% - 20% - 8:56
4 - 3% - 10% - 1:28
PP Forward
1 - 58% - 60% - 1:28
2 - 42% - 40% - 1:04
PP Defense
1 - 69% - 60% - 1:45
2 - 31% - 40% - 0:47
PK Forward
1 - 76% - 60% - 9:20
2 - 24% - 40% - 3:01
PK Defense
1 - 66% - 60% - 8:08
2 - 34% - 40% - 4:13
PK3 Forward
1 - 87% - 60% - 1:23
2 - 13% - 40% - 0:12
PK3 Defense
1 - 100% - 60% - 1:35
2 - 0% - 40% - 0:00
44 Forward
1 - 0% - 60%
2 - 0% - 40%
44 Defense
1 - 0% - 60%
2 - 0% - 40%
Last Minute Offensive - 0:00
Last Minute Defensive - 0:00
Total
Forward - 60:00
Defense - 60:00
|
% Time on Ice - Maple Leafs
Lines # - Real PCT - Wanted PCT - Time Play
Normal Forward
1 - 32% - 40% - 14:03
2 - 30% - 30% - 13:16
3 - 23% - 20% - 10:13
4 - 14% - 10% - 6:00
Normal Defense
1 - 42% - 40% - 18:26
2 - 31% - 30% - 13:34
3 - 24% - 20% - 10:14
4 - 3% - 10% - 1:18
PP Forward
1 - 56% - 60% - 7:49
2 - 44% - 40% - 6:07
PP Defense
1 - 66% - 60% - 9:10
2 - 34% - 40% - 4:46
PK Forward
1 - 89% - 60% - 2:15
2 - 11% - 40% - 0:17
PK Defense
1 - 76% - 60% - 1:56
2 - 24% - 40% - 0:36
PK3 Forward
1 - 0% - 60%
2 - 0% - 40%
PK3 Defense
1 - 0% - 60%
2 - 0% - 40%
44 Forward
1 - 0% - 60%
2 - 0% - 40%
44 Defense
1 - 0% - 60%
2 - 0% - 40%
Last Minute Offensive - 0:00
Last Minute Defensive - 0:00
Total
Forward - 60:00
Defense - 60:00
|
Play by Play
1st period
0:01 of 1st period - Evgeni Malkin wins face-off versus Jason Spezza in neutral zone.
0:36 of 1st period - Snap shot by Sean Bergenheim.
0:36 of 1st period - Shot Misses the Net.
0:38 of 1st period - Slapshot by Paul Martin.
0:38 of 1st period - Stopped by Marc-André Fleury with a rebound.
0:48 of 1st period - Wrist shot by Nate Thompson.
0:48 of 1st period - Shot Misses the Net.
0:54 of 1st period - Lee Stempniak is hit by Colby Armstrong.
1:35 of 1st period - Shawn Horcoff is hit by Evgeni Malkin and loses puck.
1:40 of 1st period - Snap shot by Evgeni Malkin.
1:40 of 1st period - Stopped by Jonathan Quick with a rebound.
3:02 of 1st period - Shea Weber is hit by Justin Abdelkader and loses puck.
3:20 of 1st period - Minor Penalty to Jason Spezza for Hooking.
3:21 of 1st period - Evgeni Malkin wins face-off versus Nate Thompson in Red Wings zone.
3:30 of 1st period - Slapshot by Evgeni Malkin.
3:30 of 1st period - Shot Blocked by Shea Weber.
4:10 of 1st period - Maxim Kondratiev is hit by Claude Giroux and loses puck.
4:35 of 1st period - Braydon Coburn is hit by Christian Laflamme and loses puck.
5:20 of 1st period - Penalty to Jason Spezza is over, Jason Spezza is back on ice.
5:27 of 1st period - Slapshot by Mike Richards.
5:27 of 1st period - Stopped by Marc-André Fleury without a rebound.
5:28 of 1st period - Shawn Horcoff wins face-off versus Rob Schremp in Maple Leafs zone.
5:29 of 1st period - Snap shot by Mike Brown.
5:29 of 1st period - Shot Misses the Net.
6:21 of 1st period - Fabian Brunnstrom is hit by Nate Thompson and loses puck.
6:28 of 1st period - Snap shot by Lee Stempniak.
6:28 of 1st period - Stopped by Marc-André Fleury without a rebound.
6:29 of 1st period - Brendan Morrison wins face-off versus Mike Richards in Maple Leafs zone.
7:14 of 1st period - Slapshot by Shawn Horcoff.
7:14 of 1st period - Shot Misses the Net.
7:33 of 1st period - Icing by Robert Dome.
7:34 of 1st period - Shawn Horcoff wins face-off versus Brendan Morrison in Red Wings zone.
7:49 of 1st period - Snap shot by Teemu Selanne.
7:49 of 1st period - Shot Misses the Net.
8:25 of 1st period - Snap shot by Lee Stempniak.
8:25 of 1st period - Shot Blocked by Matt Pettinger.
8:27 of 1st period - Snap shot by Nate Thompson.
8:27 of 1st period - Shot Misses the Net.
8:45 of 1st period - Slapshot by Mike Richards.
8:45 of 1st period - Shot Misses the Net.
8:57 of 1st period - Wrist shot by Jordan Staal.
8:57 of 1st period - Shot Misses the Net.
8:59 of 1st period - Slapshot by Noah Welch.
8:59 of 1st period - Deflect By Jordan Staal.
8:59 of 1st period - Shot Misses the Net.
8:59 of 1st period - Puck is out of play.
9:00 of 1st period - Jason Spezza wins face-off versus Evgeni Malkin in Red Wings zone.
9:02 of 1st period - Minor Penalty to Rick Nash for Hooking.
9:03 of 1st period - Evgeni Malkin wins face-off versus Jason Spezza in Red Wings zone.
9:03 of 1st period - Snap shot by Claude Giroux.
9:03 of 1st period - Shot Blocked by Maxim Kondratiev.
9:05 of 1st period - Wrist shot by Claude Giroux.
9:05 of 1st period - Goal by Claude Giroux - Red Wings : 0 - Maple Leafs : 1.
9:06 of 1st period - Jason Spezza wins face-off versus Evgeni Malkin in neutral zone.
9:56 of 1st period - Wrist shot by Teemu Selanne.
9:56 of 1st period - Stopped by Marc-André Fleury with a rebound.
9:58 of 1st period - Slapshot by Maxim Kondratiev.
9:58 of 1st period - Stopped by Marc-André Fleury without a rebound.
9:59 of 1st period - Jordan Staal wins face-off versus Jason Spezza in Maple Leafs zone.
9:59 of 1st period - Jordan Staal is hit by Rick Nash.
10:18 of 1st period - Minor Penalty to Christian Laflamme for Interference.
10:19 of 1st period - Jason Spezza wins face-off versus Evgeni Malkin in Red Wings zone.
10:31 of 1st period - Slapshot by Claude Giroux.
10:31 of 1st period - Shot Misses the Net.
10:41 of 1st period - Slapshot by Shea Weber.
10:41 of 1st period - Shot Misses the Net.
11:05 of 1st period - Jason Spezza is hit by Alexander Frolov and loses puck.
12:18 of 1st period - Penalty to Christian Laflamme is over, Christian Laflamme is back on ice.
12:30 of 1st period - Noah Welch is hit by Sean Bergenheim and loses puck.
12:35 of 1st period - Snap shot by Mike Richards.
12:35 of 1st period - Deflect By Sean Bergenheim.
12:35 of 1st period - Stopped by Marc-André Fleury with a rebound.
12:37 of 1st period - Snap shot by Maxim Kondratiev.
12:37 of 1st period - Stopped by Marc-André Fleury with a rebound.
13:00 of 1st period - Jordan Staal is hit by Shea Weber and loses puck.
13:11 of 1st period - Wrist shot by Nate Thompson.
13:11 of 1st period - Stopped by Marc-André Fleury without a rebound.
13:12 of 1st period - Rob Schremp wins face-off versus Michal Grosek in Maple Leafs zone.
13:31 of 1st period - Dion Phaneuf is hit by Shea Weber.
13:41 of 1st period - Snap shot by Sean Bergenheim.
13:41 of 1st period - Stopped by Marc-André Fleury without a rebound.
13:42 of 1st period - Jason Spezza wins face-off versus Brendan Morrison in Maple Leafs zone.
13:43 of 1st period - Snap shot by Rick Nash.
13:43 of 1st period - Stopped by Marc-André Fleury without a rebound.
13:44 of 1st period - Rick Nash wins face-off versus Byron Bitz in Maple Leafs zone.
13:57 of 1st period - Wrist shot by Jason Spezza.
13:57 of 1st period - Shot Misses the Net.
13:59 of 1st period - Slapshot by Richard Jackman.
13:59 of 1st period - Shot Misses the Net.
15:02 of 1st period - Snap shot by Dion Phaneuf.
15:02 of 1st period - Shot Blocked by Paul Martin.
16:10 of 1st period - Taylor Chorney is hit by Shea Weber and loses puck.
16:33 of 1st period - Snap shot by Matt Pettinger.
16:33 of 1st period - Shot Misses the Net.
17:11 of 1st period - Mike Richards is hit by Alexander Frolov and loses puck.
17:41 of 1st period - Wrist shot by Michal Grosek.
17:41 of 1st period - Stopped by Marc-André Fleury without a rebound.
17:42 of 1st period - Evgeni Malkin wins face-off versus Jason Spezza in Maple Leafs zone.
17:46 of 1st period - Off-side.
17:47 of 1st period - Evgeni Malkin wins face-off versus Jason Spezza in neutral zone.
17:58 of 1st period - Slapshot by Jason Spezza.
17:58 of 1st period - Stopped by Marc-André Fleury without a rebound.
17:59 of 1st period - Jason Spezza wins face-off versus Evgeni Malkin in Maple Leafs zone.
18:32 of 1st period - Minor Penalty to Brendan Morrison for Tripping.
18:33 of 1st period - Jason Spezza wins face-off versus Claude Giroux in Maple Leafs zone.
18:49 of 1st period - Snap shot by Rick Nash.
18:49 of 1st period - Shot Blocked by Braydon Coburn.
Goals for this period are 0 for Red Wings vs 1 for Maple Leafs.
Shots for this period are 12 for Red Wings vs 2 for Maple Leafs.
2nd period
0:01 of 2nd period - Claude Giroux wins face-off versus Jason Spezza in neutral zone.
0:06 of 2nd period - Slapshot by Claude Giroux.
0:06 of 2nd period - Stopped by Jonathan Quick with a rebound.
0:26 of 2nd period - Evgeni Malkin is hit by Paul Martin.
0:32 of 2nd period - Penalty to Brendan Morrison is over, Brendan Morrison is back on ice.
0:45 of 2nd period - Snap shot by Shawn Horcoff.
0:45 of 2nd period - Stopped by Marc-André Fleury with a rebound.
0:47 of 2nd period - Slapshot by Richard Jackman.
0:47 of 2nd period - Stopped by Marc-André Fleury without a rebound.
0:48 of 2nd period - Jordan Staal wins face-off versus Shawn Horcoff in Maple Leafs zone.
0:53 of 2nd period - Snap shot by Braydon Coburn.
0:53 of 2nd period - Deflect By Jordan Staal.
0:53 of 2nd period - Shot Hit the Post.
0:53 of 2nd period - Puck is out of play.
0:54 of 2nd period - Jason Spezza wins face-off versus Byron Bitz in Red Wings zone.
1:19 of 2nd period - Fabian Brunnstrom is hit by Mike Brown and loses puck.
1:34 of 2nd period - Snap shot by Fabian Brunnstrom.
1:34 of 2nd period - Stopped by Jonathan Quick with a rebound.
1:36 of 2nd period - Wrist shot by Byron Bitz.
1:36 of 2nd period - Shot Misses the Net.
1:46 of 2nd period - Shawn Horcoff is hit by Fabian Brunnstrom.
2:03 of 2nd period - Minor Penalty to Shawn Horcoff for Interference.
2:04 of 2nd period - Jason Spezza wins face-off versus Evgeni Malkin in Red Wings zone.
4:03 of 2nd period - Penalty to Shawn Horcoff is over, Shawn Horcoff is back on ice.
4:10 of 2nd period - Sean Bergenheim is hit by Braydon Coburn.
4:28 of 2nd period - Jordan Staal is hit by Robert Dome and loses puck.
5:25 of 2nd period - Minor Penalty to Jason Spezza for Tripping.
5:26 of 2nd period - Evgeni Malkin wins face-off versus Nate Thompson in Red Wings zone.
5:30 of 2nd period - Slapshot by Evgeni Malkin.
5:30 of 2nd period - Goal by Evgeni Malkin - Red Wings : 0 - Maple Leafs : 2.
5:31 of 2nd period - Evgeni Malkin wins face-off versus Jason Spezza in neutral zone.
5:56 of 2nd period - Teemu Selanne is hit by Brendan Morrison.
6:32 of 2nd period - Snap shot by Colby Armstrong.
6:32 of 2nd period - Stopped by Jonathan Quick without a rebound.
6:33 of 2nd period - Jason Spezza wins face-off versus Evgeni Malkin in Red Wings zone.
7:00 of 2nd period - Tobias Enstrom is hit by Mike Richards and loses puck.
7:21 of 2nd period - Slapshot by Matt Pettinger.
7:21 of 2nd period - Shot Misses the Net.
7:23 of 2nd period - Wrist shot by Colby Armstrong.
7:23 of 2nd period - Stopped by Jonathan Quick without a rebound.
7:24 of 2nd period - Jordan Staal wins face-off versus Nate Thompson in Red Wings zone.
7:27 of 2nd period - Wrist shot by Jordan Staal.
7:27 of 2nd period - Shot Blocked by Shea Weber.
7:38 of 2nd period - Slapshot by Lee Stempniak.
7:38 of 2nd period - Stopped by Marc-André Fleury without a rebound.
7:39 of 2nd period - Jason Spezza wins face-off versus Evgeni Malkin in Maple Leafs zone.
7:44 of 2nd period - Snap shot by Jason Spezza.
7:44 of 2nd period - Shot Blocked by Claude Giroux.
7:59 of 2nd period - Icing by Jason Spezza.
8:00 of 2nd period - Jason Spezza wins face-off versus Brendan Morrison in Red Wings zone.
8:08 of 2nd period - Icing by Rick Nash.
8:09 of 2nd period - Brendan Morrison wins face-off versus Jason Spezza in Red Wings zone.
8:16 of 2nd period - Wrist shot by Byron Bitz.
8:16 of 2nd period - Stopped by Jonathan Quick without a rebound.
8:17 of 2nd period - Evgeni Malkin wins face-off versus Jason Spezza in Red Wings zone.
8:20 of 2nd period - Snap shot by Evgeni Malkin.
8:20 of 2nd period - Stopped by Jonathan Quick with a rebound.
8:30 of 2nd period - Snap shot by Rick Nash.
8:30 of 2nd period - Shot Hit the Post.
8:32 of 2nd period - Snap shot by Shea Weber.
8:32 of 2nd period - Shot Misses the Net.
9:26 of 2nd period - Slapshot by Justin Abdelkader.
9:26 of 2nd period - Shot Blocked by Maxim Kondratiev.
9:48 of 2nd period - Icing by Evgeni Malkin.
9:49 of 2nd period - Evgeni Malkin wins face-off versus Jason Spezza in Maple Leafs zone.
9:49 of 2nd period - Evgeni Malkin is hit by Jason Spezza.
10:41 of 2nd period - Snap shot by Shawn Horcoff.
10:41 of 2nd period - Stopped by Marc-André Fleury without a rebound.
10:42 of 2nd period - Evgeni Malkin wins face-off versus Shawn Horcoff in Maple Leafs zone.
10:53 of 2nd period - Snap shot by Mike Brown.
10:53 of 2nd period - Shot Misses the Net.
10:55 of 2nd period - Slapshot by Paul Martin.
10:55 of 2nd period - Stopped by Marc-André Fleury with a rebound.
10:57 of 2nd period - Wrist shot by Shawn Horcoff.
10:57 of 2nd period - Shot Misses the Net.
10:59 of 2nd period - Slapshot by Shea Weber.
10:59 of 2nd period - Deflect By Mike Brown.
10:59 of 2nd period - Shot Misses the Net.
10:59 of 2nd period - Puck is out of play.
11:00 of 2nd period - Jason Spezza wins face-off versus Brendan Morrison in Maple Leafs zone.
11:01 of 2nd period - Slapshot by Rick Nash.
11:01 of 2nd period - Shot Blocked by Braydon Coburn.
11:03 of 2nd period - Slapshot by Paul Martin.
11:03 of 2nd period - Shot Blocked by Braydon Coburn.
11:05 of 2nd period - Slapshot by Shea Weber.
11:05 of 2nd period - Stopped by Marc-André Fleury with a rebound.
11:07 of 2nd period - Snap shot by Martin Havlat.
11:07 of 2nd period - Red Wings goal is going for a video replay.
11:07 of 2nd period - The goal is good.
11:07 of 2nd period - Goal by Martin Havlat - Red Wings : 1 - Maple Leafs : 2.
11:08 of 2nd period - Alexander Frolov wins face-off versus Jason Spezza in neutral zone.
11:16 of 2nd period - Wrist shot by Claude Giroux.
11:16 of 2nd period - Stopped by Jonathan Quick without a rebound.
11:17 of 2nd period - Jason Spezza wins face-off versus Evgeni Malkin in Red Wings zone.
11:44 of 2nd period - Backhand shot by Jason Spezza.
11:44 of 2nd period - Shot Misses the Net.
11:52 of 2nd period - Wrist shot by Claude Giroux.
11:52 of 2nd period - Stopped by Jonathan Quick without a rebound.
11:53 of 2nd period - Brendan Morrison wins face-off versus Mike Richards in Red Wings zone.
12:18 of 2nd period - Tobias Enstrom is hit by Lee Stempniak and loses puck.
14:15 of 2nd period - Wrist shot by Shawn Horcoff.
14:15 of 2nd period - Stopped by Marc-André Fleury without a rebound.
14:16 of 2nd period - Shawn Horcoff wins face-off versus Brendan Morrison in Maple Leafs zone.
14:21 of 2nd period - Wrist shot by Brendan Morrison.
14:21 of 2nd period - Shot Misses the Net.
14:23 of 2nd period - Wrist shot by Brendan Morrison.
14:23 of 2nd period - Stopped by Jonathan Quick without a rebound.
14:24 of 2nd period - Jason Spezza wins face-off versus Evgeni Malkin in Red Wings zone.
14:37 of 2nd period - Snap shot by Jason Spezza.
14:37 of 2nd period - Stopped by Marc-André Fleury with a rebound.
14:39 of 2nd period - Wrist shot by Richard Jackman.
14:39 of 2nd period - Stopped by Marc-André Fleury without a rebound.
14:40 of 2nd period - Mike Richards wins face-off versus Brendan Morrison in Maple Leafs zone.
14:53 of 2nd period - Snap shot by Mike Richards.
14:53 of 2nd period - Shot Blocked by Fabian Brunnstrom.
14:55 of 2nd period - Wrist shot by Teemu Selanne.
14:55 of 2nd period - Shot Misses the Net.
15:24 of 2nd period - Slapshot by Shawn Horcoff.
15:24 of 2nd period - Stopped by Marc-André Fleury without a rebound.
15:25 of 2nd period - Shawn Horcoff wins face-off versus Jordan Staal in Maple Leafs zone.
15:38 of 2nd period - Shawn Horcoff is hit by Matt Pettinger and loses puck.
16:19 of 2nd period - Sean Bergenheim is hit by Byron Bitz and loses puck.
16:37 of 2nd period - Off-side.
16:38 of 2nd period - Jason Spezza wins face-off versus Evgeni Malkin in neutral zone.
16:55 of 2nd period - Slapshot by Claude Giroux.
16:55 of 2nd period - Stopped by Jonathan Quick with a rebound.
17:05 of 2nd period - Dion Phaneuf is hit by Teemu Selanne and loses puck.
17:13 of 2nd period - Dion Phaneuf is hit by Sean Bergenheim and loses puck.
17:16 of 2nd period - Minor Penalty to Teemu Selanne for Charging.
17:17 of 2nd period - Evgeni Malkin wins face-off versus Jason Spezza in Red Wings zone.
17:30 of 2nd period - Wrist shot by Claude Giroux.
17:30 of 2nd period - Stopped by Jonathan Quick with a rebound.
17:40 of 2nd period - Minor Penalty to Shea Weber for Hooking.
17:41 of 2nd period - Evgeni Malkin wins face-off versus Jason Spezza in Red Wings zone.
18:14 of 2nd period - Paul Martin is hit by Brendan Morrison and loses puck.
18:52 of 2nd period - Alexander Frolov is hit by Mike Richards and loses puck.
19:16 of 2nd period - Penalty to Teemu Selanne is over, Teemu Selanne is back on ice.
19:40 of 2nd period - Penalty to Shea Weber is over, Shea Weber is back on ice.
Goals for this period are 1 for Red Wings vs 1 for Maple Leafs.
Shots for this period are 11 for Red Wings vs 12 for Maple Leafs.
3rd period
0:01 of 3rd period - Jason Spezza wins face-off versus Evgeni Malkin in neutral zone.
0:23 of 3rd period - Minor Penalty to Jason Spezza for Slashing.
0:24 of 3rd period - Evgeni Malkin wins face-off versus Nate Thompson in Red Wings zone.
0:37 of 3rd period - Backhand shot by Claude Giroux.
0:37 of 3rd period - Shot Misses the Net.
0:39 of 3rd period - Wrist shot by Evgeni Malkin.
0:39 of 3rd period - Deflect By Claude Giroux.
0:39 of 3rd period - Shot Misses the Net.
0:39 of 3rd period - Puck is out of play.
0:40 of 3rd period - Evgeni Malkin wins face-off versus Nate Thompson in Red Wings zone.
1:08 of 3rd period - Icing by Dion Phaneuf.
1:09 of 3rd period - Brendan Morrison wins face-off versus Rick Nash in Maple Leafs zone.
1:53 of 3rd period - Snap shot by Tobias Enstrom.
1:53 of 3rd period - Deflect By Byron Bitz.
1:53 of 3rd period - Stopped by Jonathan Quick without a rebound.
1:54 of 3rd period - Evgeni Malkin wins face-off versus Rick Nash in Red Wings zone.
2:11 of 3rd period - Wrist shot by Evgeni Malkin.
2:11 of 3rd period - Goal by Evgeni Malkin - Red Wings : 1 - Maple Leafs : 3.
2:12 of 3rd period - Evgeni Malkin wins face-off versus Mike Richards in neutral zone.
2:27 of 3rd period - Slapshot by Evgeni Malkin.
2:27 of 3rd period - Stopped by Jonathan Quick with a rebound.
2:29 of 3rd period - Slapshot by Dion Phaneuf.
2:29 of 3rd period - Stopped by Jonathan Quick with a rebound.
2:39 of 3rd period - Brendan Morrison is hit by Jason Spezza and loses puck.
2:59 of 3rd period - Icing by Brendan Morrison.
3:00 of 3rd period - Nate Thompson wins face-off versus Jordan Staal in Maple Leafs zone.
3:01 of 3rd period - Wrist shot by Michal Grosek.
3:01 of 3rd period - Stopped by Marc-André Fleury without a rebound.
3:02 of 3rd period - Nate Thompson wins face-off versus Jordan Staal in Maple Leafs zone.
3:35 of 3rd period - Slapshot by Shea Weber.
3:35 of 3rd period - Deflect By Tobias Enstrom.
3:35 of 3rd period - Stopped by Marc-André Fleury without a rebound.
3:36 of 3rd period - Jason Spezza wins face-off versus Evgeni Malkin in Maple Leafs zone.
3:51 of 3rd period - Wrist shot by Evgeni Malkin.
3:51 of 3rd period - Stopped by Jonathan Quick with a rebound.
3:53 of 3rd period - Backhand shot by Braydon Coburn.
3:53 of 3rd period - Shot Blocked by Shea Weber.
4:03 of 3rd period - Brendan Morrison is hit by Teemu Selanne and loses puck.
4:28 of 3rd period - Wrist shot by Shawn Horcoff.
4:28 of 3rd period - Deflect By Rob Schremp.
4:28 of 3rd period - Shot Blocked by Noah Welch.
4:28 of 3rd period - Puck is out of play.
4:29 of 3rd period - Rick Nash wins face-off versus Evgeni Malkin in Maple Leafs zone.
4:30 of 3rd period - Wrist shot by Jason Spezza.
4:30 of 3rd period - Shot Blocked by Dion Phaneuf.
4:37 of 3rd period - Dion Phaneuf is hit by Martin Havlat and loses puck.
4:56 of 3rd period - Braydon Coburn is hit by Sean Bergenheim and loses puck.
6:22 of 3rd period - Lee Stempniak is hit by Byron Bitz and loses puck.
6:28 of 3rd period - Icing by Nate Thompson.
6:29 of 3rd period - Nate Thompson wins face-off versus Brendan Morrison in Red Wings zone.
6:31 of 3rd period - Icing by Shea Weber.
6:32 of 3rd period - Nate Thompson wins face-off versus Evgeni Malkin in Red Wings zone.
6:32 of 3rd period - Nate Thompson is hit by Evgeni Malkin.
6:40 of 3rd period - Snap shot by Claude Giroux.
6:40 of 3rd period - Shot Misses the Net.
6:42 of 3rd period - Wrist shot by Alexander Frolov.
6:42 of 3rd period - Stopped by Jonathan Quick with a rebound.
6:44 of 3rd period - Wrist shot by Alexander Frolov.
6:44 of 3rd period - Shot Misses the Net.
6:46 of 3rd period - Wrist shot by Alexander Frolov.
6:46 of 3rd period - Shot Blocked by Michal Grosek.
6:48 of 3rd period - Snap shot by Alexander Frolov.
6:48 of 3rd period - Shot Misses the Net.
7:09 of 3rd period - Off-side.
7:10 of 3rd period - Evgeni Malkin wins face-off versus Teemu Selanne in neutral zone.
7:13 of 3rd period - Richard Jackman is hit by Braydon Coburn and loses puck.
7:32 of 3rd period - Minor Penalty to Sean Bergenheim for Slashing.
7:33 of 3rd period - Evgeni Malkin wins face-off versus Jason Spezza in Red Wings zone.
7:42 of 3rd period - Wrist shot by Rick Nash.
7:42 of 3rd period - Shot Misses the Net.
7:44 of 3rd period - Snap shot by Rick Nash.
7:44 of 3rd period - Shot Blocked by Dion Phaneuf.
7:46 of 3rd period - Slapshot by Shea Weber.
7:46 of 3rd period - Shot Blocked by Claude Giroux.
7:48 of 3rd period - Slapshot by Shea Weber.
7:48 of 3rd period - Stopped by Marc-André Fleury without a rebound.
7:49 of 3rd period - Evgeni Malkin wins face-off versus Jason Spezza in Maple Leafs zone.
8:13 of 3rd period - Byron Bitz is hit by Nate Thompson and loses puck.
8:36 of 3rd period - Jason Spezza is hit by Evgeni Malkin and loses puck.
9:13 of 3rd period - Dion Phaneuf is hit by Paul Martin and loses puck.
9:32 of 3rd period - Penalty to Sean Bergenheim is over, Sean Bergenheim is back on ice.
10:06 of 3rd period - Wrist shot by Rob Schremp.
10:06 of 3rd period - Shot Misses the Net.
10:08 of 3rd period - Snap shot by Lubomir Visnovsky.
10:08 of 3rd period - Stopped by Jonathan Quick without a rebound.
10:09 of 3rd period - Mike Richards wins face-off versus Rob Schremp in Red Wings zone.
10:11 of 3rd period - Sean Bergenheim is hit by Noah Welch and loses puck.
10:23 of 3rd period - Minor Penalty to Blake Comeau for Hooking.
10:24 of 3rd period - Claude Giroux wins face-off versus Jason Spezza in Maple Leafs zone.
10:56 of 3rd period - Snap shot by Sean Bergenheim.
10:56 of 3rd period - Deflect By Teemu Selanne.
10:56 of 3rd period - Goal by Teemu Selanne - Red Wings : 2 - Maple Leafs : 3.
10:57 of 3rd period - Jason Spezza wins face-off versus Alexander Frolov in neutral zone.
11:02 of 3rd period - Wrist shot by Jason Spezza.
11:02 of 3rd period - Stopped by Marc-André Fleury without a rebound.
11:03 of 3rd period - Jason Spezza wins face-off versus Evgeni Malkin in Maple Leafs zone.
11:20 of 3rd period - Wrist shot by Claude Giroux.
11:20 of 3rd period - Stopped by Jonathan Quick without a rebound.
11:21 of 3rd period - Brendan Morrison wins face-off versus Mike Richards in Red Wings zone.
11:46 of 3rd period - Tobias Enstrom is hit by Christian Backman and loses puck.
12:46 of 3rd period - Sean Bergenheim is hit by Brendan Morrison and loses puck.
13:03 of 3rd period - Slapshot by Rick Nash.
13:03 of 3rd period - Shot Misses the Net.
13:05 of 3rd period - Slapshot by Maxim Kondratiev.
13:05 of 3rd period - Stopped by Marc-André Fleury without a rebound.
13:06 of 3rd period - Jason Spezza wins face-off versus Evgeni Malkin in Maple Leafs zone.
13:17 of 3rd period - Wrist shot by Martin Havlat.
13:17 of 3rd period - Stopped by Marc-André Fleury with a rebound.
13:27 of 3rd period - Wrist shot by Evgeni Malkin.
13:27 of 3rd period - Shot Misses the Net.
14:17 of 3rd period - Martin Havlat is hit by Matt Pettinger and loses puck.
14:24 of 3rd period - Wrist shot by Matt Pettinger.
14:24 of 3rd period - Shot Misses the Net.
15:00 of 3rd period - Brendan Morrison is hit by Teemu Selanne and loses puck.
15:19 of 3rd period - Taylor Chorney is hit by Shawn Horcoff and loses puck.
15:42 of 3rd period - Fabian Brunnstrom is hit by Sean Bergenheim and loses puck.
15:53 of 3rd period - Snap shot by Byron Bitz.
15:53 of 3rd period - Stopped by Jonathan Quick with a rebound.
15:55 of 3rd period - Snap shot by Byron Bitz.
15:55 of 3rd period - Shot Misses the Net.
15:57 of 3rd period - Slapshot by Braydon Coburn.
15:57 of 3rd period - Shot Misses the Net.
15:59 of 3rd period - Slapshot by Brendan Morrison.
15:59 of 3rd period - Shot Misses the Net.
16:01 of 3rd period - Slapshot by Dion Phaneuf.
16:01 of 3rd period - Shot Misses the Net.
16:15 of 3rd period - Wrist shot by Fabian Brunnstrom.
16:15 of 3rd period - Shot Blocked by Lee Stempniak.
16:17 of 3rd period - Slapshot by Byron Bitz.
16:17 of 3rd period - Goal by Byron Bitz - Red Wings : 2 - Maple Leafs : 4.
16:18 of 3rd period - Jason Spezza wins face-off versus Matt Pettinger in neutral zone.
16:23 of 3rd period - Wrist shot by Jason Spezza.
16:23 of 3rd period - Shot Misses the Net.
16:27 of 3rd period - Snap shot by Jason Spezza.
16:27 of 3rd period - Stopped by Marc-André Fleury without a rebound.
16:28 of 3rd period - Jason Spezza wins face-off versus Jordan Staal in Maple Leafs zone.
16:33 of 3rd period - Snap shot by Jason Spezza.
16:33 of 3rd period - Stopped by Marc-André Fleury with a rebound.
16:35 of 3rd period - Slapshot by Christian Backman.
16:35 of 3rd period - Shot Misses the Net.
16:37 of 3rd period - Slapshot by Rick Nash.
16:37 of 3rd period - Stopped by Marc-André Fleury with a rebound.
16:39 of 3rd period - Wrist shot by Jason Spezza.
16:39 of 3rd period - Stopped by Marc-André Fleury without a rebound.
16:40 of 3rd period - Shawn Horcoff wins face-off versus Matt Pettinger in Maple Leafs zone.
16:42 of 3rd period - Dion Phaneuf beats up Paul Martin.
16:42 of 3rd period - Penalty to Dion Phaneuf for Fighting.
16:42 of 3rd period - Penalty to Paul Martin for Fighting.
16:43 of 3rd period - Shawn Horcoff wins face-off versus Jordan Staal in Maple Leafs zone.
16:56 of 3rd period - Jordan Staal is hit by Robert Dome and loses puck.
17:19 of 3rd period - Snap shot by Martin Havlat.
17:19 of 3rd period - Stopped by Marc-André Fleury with a rebound.
17:31 of 3rd period - Lubomir Visnovsky is hit by Lee Stempniak and loses puck.
17:47 of 3rd period - Icing by Nate Thompson.
17:48 of 3rd period - Mike Richards wins face-off versus Brendan Morrison in Red Wings zone.
17:55 of 3rd period - Snap shot by Mike Richards.
17:55 of 3rd period - Shot Blocked by Tobias Enstrom.
17:57 of 3rd period - Backhand shot by Richard Jackman.
17:57 of 3rd period - Shot Misses the Net.
17:59 of 3rd period - Slapshot by Sean Bergenheim.
17:59 of 3rd period - Deflect By Teemu Selanne.
17:59 of 3rd period - Shot Misses the Net.
17:59 of 3rd period - Puck is out of play.
18:00 of 3rd period - Shawn Horcoff wins face-off versus Jordan Staal in Maple Leafs zone.
18:18 of 3rd period - Minor Penalty to Mike Brown for Hooking.
18:19 of 3rd period - Jason Spezza wins face-off versus Evgeni Malkin in Red Wings zone.
18:47 of 3rd period - Icing by Brendan Morrison.
18:48 of 3rd period - Brendan Morrison wins face-off versus Jason Spezza in Maple Leafs zone.
Goals for this period are 1 for Red Wings vs 2 for Maple Leafs.
Shots for this period are 12 for Red Wings vs 10 for Maple Leafs.
Output by the SimonT Hockey Simulator (STHS) for François Prévost -- Original Page W3C XHTML 1.0 Valid